 Dungeon Crawl Stone Soup version 0.26.1-12-g5ba1501909 (webtiles) character file.

Game seed: 8971366757997346172

513 Zeld the Sneak (level 7, -1/46 HPs)
             Began as an Octopode Brigand on Oct 28, 2021.
             Slain by an orc wizard
             ... wielding a +0 dagger
              (2 damage)
             ... on level 4 of the Dungeon.
             The game lasted 00:06:17 (4563 turns).

Zeld the Sneak (Octopode Brigand)                   Turns: 4563, Time: 00:06:18

Health: -1/46      AC:  1    Str: 11    XL:     7   Next: 19%
Magic:  7/7        EV: 14    Int: 13    God:
Gold:   152        SH:  0    Dex: 15    Spells: 6/6 levels left

rFire    . . .     SeeInvis .   a - +1 short sword (venom)
rCold    . . .     Faith    .   (no shield)
rNeg     . . .     Spirit   .   (helmet restricted)
rPois    .         Reflect  .   (no amulet)
rElec    .         Harm     .   (no ring)
rCorr    .         Rampage  .   (no ring)
Will     .....                  (no ring)
Stlth    ++++......             (no ring)
HPRegen  0.15/turn              (no ring)
MPRegen  0.10/turn              (no ring)
                                (no ring)
                                (no ring)

@: no status effects
A: almost no armour, stealthy swim, amphibious, 8 rings, constrict 8, camouflage
1, gelatinous body 1
a: no special abilities


You were on level 4 of the Dungeon.
You visited 1 branch of the dungeon, and saw 4 of its levels.

You collected 152 gold pieces.

Inventory:

Hand Weapons
 a - a +1 short sword of venom (weapon)
Missiles
 b - 30 poisoned darts (quivered)
 c - 2 curare-tipped darts
Jewellery
 i - an uncursed ring of wizardry {unknown}
Scrolls
 f - a scroll of blinking {unknown}
 h - 2 scrolls of remove curse
 n - 2 scrolls of fear
Potions
 d - a potion of berserk rage {unknown}
 e - 4 potions of heal wounds {unknown}
 g - 3 potions of attraction {unknown}
 j - a potion of resistance {unknown}
 k - a potion of brilliance {unknown}
 l - a potion of cancellation {unknown}
 m - 4 potions of curing {unknown}


   Skills:
 + Level 3.3 Fighting
 * Level 4.4 Short Blades
 * Level 4.2 Throwing
 + Level 2.8 Dodging
 + Level 6.5 Stealth


You had 6 spell levels left.
You didn't know any spells.
Your spell library was empty.

Dungeon Overview and Level Annotations

Branches:
Dungeon (4/15)
 Temple: D:4-7

Altars:
Cheibriados
Elyvilon
Gozag
Kikubaaqudgha
Vehumet
Xom
Yredelemnul

Annotations:
D:4 Ijyb


Innate Abilities, Weirdness & Mutations

You cannot wear most types of armour.
You are very stealthy in the water. (Stealth+)
You are amphibious.
You can wear up to eight rings at the same time.
You can use your tentacles to constrict eight enemies at once.
Your skin changes colour to match your surroundings (Stealth+).
Your rubbery body absorbs attacks. (AC +1, EV +1)


Message History

The orc wizard seems to speed up.
You open the door.
The orc wizard casts a spell.
The orc wizard blinks!
There is an open door here.
The orc wizard closely misses you.
The orc wizard hits you with a +0 dagger.
* * * LOW HITPOINT WARNING * * *
The orc wizard hits you with a +0 dagger.
* * * LOW HITPOINT WARNING * * *
There is a stone staircase leading up here.
You barely miss the orc wizard. You grab the orc wizard.
You constrict the orc wizard. The orc wizard barely misses you.
The orc wizard hits you but does no damage.
You hit the orc wizard but do no damage.
The orc wizard is poisoned.
The orc wizard is lightly wounded.
You constrict the orc wizard.
The orc wizard hits you with a +0 dagger.
You die...

.. +.....#...............#
...#.....#...............#
#.....#...............#
##+#.....##...##.........#
.....#'####'####.........#
.....#...#.............†.#
.....#...'...............#
.....#...#....#######'#####
.....##########.@.........#
#...............o..†......#
#.........................#
#.................o.......#
'.)...)..........W........#
#.......>.................#
...#'####+########o########
...#....# ..............#
...#....# ..............#


You could see a phantom, an orc wizard (fast, very poisoned) and 2 orcs.

Vanquished Creatures
  A scorpion (D:4)
  An orc priest (D:3)
  2 hounds (D:4)
  An orc wizard (D:3)
  An iguana (D:4)
  Jessica (D:2)
  Natasha (thrice) (D:3)
  2 worker ants (D:4)
  6 adders
  An ooze (D:2)
  3 worms
  4 dart slugs
  4 leopard geckos
  10 orcs
  5 bats
  2 giant cockroaches
  15 goblins
  5 hobgoblins
  7 jackals
  A quokka (D:2)
  A ball python (D:4)
  4 frilled lizards
  6 kobolds
  10 rats
96 creatures vanquished.

Notes
Turn   | Place    | Note
-------+----------+-------------------------------------------
     0 | D:1      | Zeld the Octopode Brigand began the quest for the Orb.
     0 | D:1      | Reached XP level 1. HP: 14/14 MP: 1/1
   246 | D:1      | Reached XP level 2. HP: 16/19 MP: 2/2
   919 | D:1      | Reached XP level 3. HP: 24/24 MP: 3/3
  1245 | D:2      | Found an ancient bone altar of Kikubaaqudgha.
  1279 | D:2      | Found a snail-covered altar of Cheibriados.
  1463 | D:2      | Reached XP level 4. HP: 17/30 MP: 4/4
  1774 | D:2      | Found a white marble altar of Elyvilon.
  1874 | D:2      | Noticed Jessica
  1881 | D:2      | Killed Jessica
  2019 | D:2      | Found a basalt altar of Yredelemnul.
  2152 | D:3      | Reached XP level 5. HP: 19/35 MP: 5/5
  2376 | D:3      | Found a radiant altar of Vehumet.
  2588 | D:3      | Reached skill level 6 in Stealth
  2711 | D:3      | Noticed Natasha
  2718 | D:3      | Killed Natasha
  2822 | D:3      | Noticed Natasha
  2837 | D:3      | Found an opulent altar of Gozag.
  2923 | D:3      | Reached XP level 6. HP: 38/42 MP: 6/6
  3152 | D:3      | Killed Natasha
  3518 | D:3      | Found a radiant altar of Vehumet.
  3805 | D:3      | Found an opulent altar of Gozag.
  3882 | D:3      | Noticed Natasha
  3890 | D:3      | Killed Natasha
  4224 | D:4      | Found a shimmering altar of Xom.
  4361 | D:4      | Reached XP level 7. HP: 34/46 MP: 7/7
  4529 | D:4      | Noticed Ijyb
  4560 | D:4      | HP: 1/46 [orc wizard/+0 dagger (5)]
  4563 | D:4      | Slain by an orc wizard

Illustrated notes

Levels and vault maps discovered:
D:1:      shiori_arrival_maze, layout_basic, st_stairs_9,
          minmay_misc_feat_four_crosses, palyth_stone_intersect,
          minmay_misc_feat_diagonals
D:2:      layout_rooms, kennysheep_ying_yang, nicolae_overflow_hidden_temple,
          cheibriados_altar_1, uniq_jessica
D:3:      layout_basic, nicolae_overflow_crystal_walls, grunt_gozag_breadcrumbs,
          uniq_natasha
D:4:      layout_gridville, cheibrodos_sewer_entry_bend, minmay_ruined_shrine,
          uniq_ijyb

Skill      XL: |  1  2  3  4  5  6 |
---------------+-------------------+-----
Short Blades   | 3 4 |  4.4
Throwing       | 3 4 |  4.2
Dodging        | 2 |  2.8
Stealth        | 6 |  6.5
Fighting       | 3 |  3.3

Action                   |  1- 3 |  4- 6 |  7- 9 || total
-------------------------+-------+-------+-------++-------
Melee: Dagger            |    53 |     8 |       ||    61
       Constrict         |    14 |    32 |     3 ||    49
       Tentacles         |    11 |    16 |     2 ||    29
       Short sword       |       |   118 |     6 ||   124
  Use: Scroll            |       |     4 |       ||     4
 Stab: Sleeping          |    10 |    21 |     1 ||    32
Armor: Skin              |     7 |    11 |       ||    18
Dodge: Dodged            |    24 |    73 |    13 ||   110
